 Dungeon Crawl Stone Soup version 0.20.0-15-g7f486f2 (webtiles) character file.

317 robba the Chopper (level 6, -3/48 HPs)
             Began as a Human Berserker on June 26, 2017.
             Was a Priest of Trog.
             Killed from afar by a white imp (10 damage)
             ... with a puff of frost
             ... summoned by Natasha
             ... on level 4 of the Dungeon.
             The game lasted 00:24:53 (4158 turns).

robba the Chopper (Human Berserker)                 Turns: 4158, Time: 00:24:55

Health: -3/48      AC:  6    Str: 15 (18) XL:     6   Next: 73%
Magic:  6/6        EV: 12    Int:  5 (8)  God:    Trog [***...]
Gold:   178        SH:  0    Dex: 12 (13) Spells: 5/5 levels left

rFire    . . .     SeeInvis .   a - +1 hand axe
rCold    . . .     Gourm    .   (no shield)
rNeg     . . .     Faith    .   e - +0 ring mail
rPois    .         Spirit   .   (no helmet)
rElec    .         Reflect  .   (no cloak)
rCorr    .         Harm     .   (no gloves)
MR       +....                  p - +0 pair of boots
Stlth    +.........             (no amulet)
Regen    0.2/turn               q - ring of protection from magic
MPRegen  0.1/turn               (no ring)

@: lethally poisoned (-3 -> -4)
A: no striking features
a: Berserk, Trog's Hand, Burn Spellbooks, Renounce Religion


You were on level 4 of the Dungeon.
You worshipped Trog.
Trog was most pleased with you.
You were not hungry.

You visited 1 branch of the dungeon, and saw 4 of its levels.

You collected 178 gold pieces.

Inventory:

Hand Weapons
 a - a +1 hand axe (weapon)
 b - a +0 blowgun
 v - a +3 club
Missiles
 h - 96 stones (quivered)
 s - 24 poisoned needles
Armour
 e - a +0 ring mail (worn)
 p - a +0 pair of boots (worn)
Jewellery
 q - a ring of protection from magic (left hand)
 y - a +3 ring of strength {unknown}
Scrolls
 d - 4 scrolls of teleportation
 j - a scroll of identify
 m - 4 scrolls of remove curse
 r - a scroll of enchant weapon
 x - a scroll of random uselessness {unknown}
Potions
 g - 2 potions of agility
 k - 2 potions of might
 l - a potion of berserk rage {unknown}
 n - a potion of haste {unknown}
 o - a potion of degeneration
 t - a potion of heal wounds {unknown}
 w - a potion of curing {unknown}
 z - a potion of invisibility {unknown}
Comestibles
 c - 2 bread rations
 f - 2 fruits
 i - a chunk of flesh
 u - 2 royal jellies


   Skills:
 + Level 3.8 Fighting
 + Level 4.9 Axes
 + Level 0.4 Throwing
 + Level 3.6 Armour
 + Level 3.2 Dodging
 + Level 0.9 Stealth


You had 5 spell levels left.
You didn't know any spells.

Dungeon Overview and Level Annotations

Branches:
Dungeon (4/15)
 Temple: D:4-7

Altars:
Gozag
Sif Muna
Yredelemnul

Portals:
Sewer: D:4

Annotations:
D:4 Natasha


Message History

The worker ant is moderately wounded.
The worker ant barely misses you.
Natasha mumbles some strange words.
The worker ant bites you.
* * * LOW HITPOINT WARNING * * *
You hit the worker ant but do no damage.
The worker ant is moderately wounded.
The worker ant misses you.
You hit the worker ant.
The worker ant is heavily wounded.
You feel sick. The worker ant closely misses you.
The white imp gestures at you. The puff of frost hits you!
* * * LOW HITPOINT WARNING * * *
You hit the worker ant.
The worker ant is severely wounded.
The worker ant closely misses you. The white imp gestures at you.
The puff of frost hits you!
You die...

#.# #.# #.###
#######.#.#
.........# ###
###.....###..
#.#....#.# ...# #
#.#a..# #..#
#.#..@..# #..#
#.###..## #..# #.
##..# # ...#
#.##[h.####.# ##.#
#...........#
####..#
##....5..####
#.....####....)....#
#........'.........+
#.#...####.........#


You could see a worker ant, Natasha and a white imp.

Vanquished Creatures
  The ghost of Adolfin the Insei, a weakling DsMo (D:3)
  2 orc wizards
  Jessica (D:3)
  Natasha (D:4)
  5 adders
  4 worms
  5 dart slugs
  6 leopard geckos
  7 orcs
  11 bats
  8 giant cockroaches
  7 goblins
  7 hobgoblins
  2 jackals (D:2)
  4 quokkas
  2 ball pythons
  3 frilled lizards
  10 kobolds
  6 rats
92 creatures vanquished.

Vanquished Creatures (others)
  5 toadstools (D:1)
5 creatures vanquished.

Grand Total: 97 creatures vanquished

Notes
Turn   | Place    | Note
-------+----------+-------------------------------------------
     0 | D:1      | robba the Human Berserker began the quest for the Orb.
     0 | D:1      | Reached XP level 1. HP: 18/18 MP: 1/1
   185 | D:1      | Reached XP level 2. HP: 8/24 MP: 2/2
   801 | D:1      | Reached XP level 3. HP: 25/29 MP: 3/3
  1072 | D:1      | Reached ** piety under Trog
  1411 | D:2      | Found a basalt altar of Yredelemnul.
  1508 | D:2      | Reached XP level 4. HP: 33/35 MP: 4/4
  1988 | D:3      | Found an opulent altar of Gozag.
  2113 | D:3      | Noticed Jessica
  2123 | D:3      | Found a deep blue altar of Sif Muna.
  2142 | D:3      | Killed Jessica
  2142 | D:3      | Reached skill level 4 in Axes
  2212 | D:3      | Reached XP level 5. HP: 26/41 MP: 5/5
  2621 | D:3      | Reached *** piety under Trog
  3110 | D:3      | Noticed Adolfin's ghost (weakling DsMo)
  3140 | D:3      | Killed Adolfin's ghost
  3140 | D:3      | Reached XP level 6. HP: 18/48 MP: 6/6
  3986 | D:4      | Found a glowing drain.
  4118 | D:4      | Noticed Natasha
  4127 | D:4      | Killed Natasha
  4154 | D:4      | Noticed Natasha
  4158 | D:4      | Killed from afar by a white imp

Skill      XL: |  1  2  3  4  5 |
---------------+----------------+-----
Axes           | 4 |  4.9
Armour         | 3 |  3.6
Dodging        | 3 |  3.2
Fighting       | |  3.8
Throwing       | |  0.4
Stealth        | |  0.9

Action                   |  1- 3 |  4- 6 || total
-------------------------+-------+-------++-------
Melee: Hand axe          |   128 |   250 ||   378
Throw: Stone             |     1 |     7 ||     8
Invok: Berserk           |       |     1 ||     1
       Trog's Hand       |       |     1 ||     1
  Use: Scroll            |     2 |     7 ||     9
       Potion            |       |     3 ||     3
  Eat: Chunk             |     2 |     6 ||     8
       Meat ration       |       |     1 ||     1
Armor: Ring mail         |    58 |    99 ||   157
Dodge: Dodged            |    94 |   175 ||   269
